Map: 破晓之战 - 天梯版 (虚空)

Players

iGXY (XY)

  • Race: Terran Terran
  • Spawn Location: 7:00

Erik - Winner!

  • Race: Zerg Zerg
  • Spawn Location: 1:00

Event: WESG 2016 Finals

VOD

Have the link to the VOD?

Description

Time

  • Played on: Jan. 11, 2017, 10:24 p.m.
  • Length: 5:52

All games in this series

Show
View Real Time Build Order
Export as new Build Order

iGXY Terran 

Build Orders: Reaper Expand 

Get SALT Encoding   

  12  0:00  SCV  
  13  0:13  SCV  
  14  0:17  Supply Depot  
  14  0:25  SCV  
  15  0:39  SCV  
  15  0:40  Barracks  
  16  0:45  Refinery  
  16  0:51  SCV  
  17  1:03  SCV  
  18  1:15  SCV  
  19  1:27  Orbital Command, Reaper  
  20  1:41  Command Center  
  20  1:52  Barracks  
  20  1:54  SCV  
  20  2:00  Barracks Reactor  
  21  2:06  SCV  
  22  2:08  Supply Depot  
  22  2:18  SCV  
  23  2:31  SCV  
  23  2:39  Marine x2, Barracks Tech Lab  
  23  2:43  SCV, Factory  
  26  2:45  Refinery  
  26  2:55  SCV  
  26  2:56  Marine  
  26  2:57  Marine  
  29  2:59  Marine  
  29  3:01  Orbital Command  
  30  3:07  SCV  
  30  3:09  Stimpack  
  31  3:14  Marine  
  31  3:17  Marine x2  
  34  3:20  SCV  
  35  3:28  SCV  
  35  3:32  Marine, Supply Depot  
  35  3:33  SCV  
  38  3:40  SCV, Starport  
  39  3:42  Factory Reactor  
  39  3:45  SCV  
  39  3:46  Marine  
  41  3:52  Bunker  
  41  3:55  Bunker  
  41  3:57  Marine  
  41  3:59  Marine  
  42  4:08  SCV  
  43  4:12  Marine  
  43  4:15  Marine  
  43  4:16  SCV  
  36  4:17  Marine  
  36  4:20  SCV  
  36  4:23  Hellion x2  
  40  4:29  Marine, SCV  
  42  4:31  Medivac  
  42  4:32  SCV  
  42  4:33  Marine  
  42  4:35  Marine  
  23  4:47  Marine  
  23  4:51  Marine  
  4  5:20  Marine  
  5  5:22  Marine  
  6  5:28  Marine  
Show
View Real Time Build Order
Export as new Build Order

Erik Zerg - Winner!

Build Orders: Pool First 

Get SALT Encoding   

  12  0:01  Drone  
  13  0:12  Overlord  
  13  0:17  Drone  
  14  0:31  Drone x2  
  16  0:41  Spawning Pool  
  15  0:45  Extractor  
  15  0:47  Drone  
  15  0:51  Drone  
  15  0:56  Drone  
  17  1:18  Hatchery  
  16  1:29  Zergling x4  
  16  1:30  Zergling x2  
  19  1:41  Queen  
  21  1:51  Metabolic Boost  
  22  1:54  Drone  
  22  2:01  Overlord  
  22  2:21  Drone x2  
  22  2:22  Roach Warren  
  22  2:31  Drone x2  
  23  2:37  Overlord  
  22  2:55  Queen  
  24  3:05  Roach x3  
  30  3:09  Roach  
  32  3:22  Zergling x2  
  32  3:23  Zergling x8  
  38  3:27  Ravager x2  
  38  3:29  Zergling x2  
  38  3:32  Zergling x2  
  41  3:39  Zergling x4  
  43  3:42  Zergling x2  
  43  3:47  Extractor  
  43  3:48  Ravager  
  44  3:50  Overlord  
  44  3:55  Overlord  
  47  4:10  Drone x4  
  47  4:16  Zergling x4  
  50  4:29  Zergling x8  
  53  4:37  Drone x3  
  53  4:44  Zergling x4  
  48  5:00  Drone x3  
  46  5:08  Drone  
  44  5:15  Drone  
  44  5:17  Drone  
  43  5:22  Drone  
  43  5:23  Evolution Chamber  
  42  5:29  Hatchery  
Tags
 
Add a new tag
Caveats
  • Supply blocks, unpowered buildings, or Contaminate may cause inaccurate times.
  • Supply counts are checked every 10 seconds.